 Dungeon Sprint DCSS version 0.31.0-12-g77e489cdc1 (webtiles) character file.

Game seed: 15644575245136413383

144 Heoruswealwe the Spear-Bearer (level 5, -2/52 HPs)
             Began as a Minotaur Fighter on Feb 23, 2024.
             Slain by an orc
             ... wielding a +0 falchion
              (3 damage)
             ... in the Dungeon (Sprint IX: "|||||||||||||||||||||||||||||").
             The game lasted 00:00:49 (48 turns).

Heoruswealwe the Spear-Bearer (Minotaur Fighter)      Turns: 48, Time: 00:00:49

Health: -2/52      AC:  7    Str: 22    XL:     5   Next: 5%
Magic:  4/4        EV:  9    Int:  5    God:
Gold:   0          SH:  4    Dex: 10    Spells: 4/4 levels left

rFire   . . .        a - +0 trident
rCold   . . .        d - +0 buckler
rNeg    . . .        c - +0 scale mail
rPois   .            (helmet restricted)
rElec   .            (no cloak)
rCorr   .            (no gloves)
SInv    .            (no boots)
Will    .....        (no amulet) Stlth
                     (no ring)
HPRegen 0.28/turn    (no ring)
MPRegen 0.09/turn

%: no teleportation
@: no status effects
A: horns 2, retaliatory headbutt
a: no special abilities


You were in the Dungeon.
You visited 1 branch

Inventory:

Hand Weapons
 a - a +0 trident (weapon)
Armour
 c - a +0 scale mail (worn)
 d - a +0 buckler (worn)
Scrolls
 j - a scroll of blinking
Potions
 b - a potion of might
 e - a potion of curing
 g - a potion of haste
 h - 2 potions of magic
 i - a potion of berserk rage


   Skills:
 + Level 7.0 Fighting
 * Level 8.9 Polearms
 + Level 7.0 Armour
 - Level 3.6 Shields


You had 4 spell levels left.
You didn't know any spells.
Your spell library was empty.

Dungeon Overview and Level Annotations

Branches:
Dungeon (1/1)

Altars:


Innate Abilities, Weirdness & Mutations

You have a pair of horns on your head.
You reflexively headbutt those who attack you in melee.


Message History

You barely miss the bombardier beetle. You hit the bombardier beetle.
Your headbutt misses the bombardier beetle.
The bombardier beetle is lightly wounded.
The bombardier beetle bites you.
* * * LOW HITPOINT WARNING * * *
You hit the bombardier beetle but do no damage.
Your headbutt misses the bombardier beetle.
The bombardier beetle is lightly wounded.
The bombardier beetle closely misses you.
You furiously retaliate!
You headbutt the bombardier beetle! You barely miss the bombardier beetle.
The bombardier beetle is severely wounded.
You puncture the bombardier beetle!
You kill the bombardier beetle!
Your Fighting skill increases to level 7!
Your Armour skill increases to level 7!
You have reached level 5!
You hit the orc. You headbutt the orc.
The orc is severely wounded.
The orc hits you but does no damage.
You puncture the orc!
You kill the orc!
You closely miss the orc. You hit the orc but do no damage.
The orc hits you but does no damage.
You closely miss the orc. The orc hits you with a +0 falchion.
* * * LOW HITPOINT WARNING * * *
You completely miss the orc. The orc hits you but does no damage.
You closely miss the orc. You block the orc's attack.
You hit the orc.
The orc is lightly wounded.
The orc hits you but does no damage.
You hit the orc but do no damage. Your headbutt misses the orc.
The orc is lightly wounded.
The orc hits you with a +0 falchion.
* * * LOW HITPOINT WARNING * * *
You closely miss the orc.
The orc is lightly wounded.
The orc hits you with a +0 falchion.
You die...

▓.▓
▓)▓
▓.▓
▓.▓
▓.▓
▓.▓
▓.▓
▓'▓
▓@▓
▓o▓
▓.▓
▓.▓
▓.▓
▓+▓


You could see an orc.

Vanquished Creatures
  A phantom (D)
  2 bombardier beetles (D)
  An orc (D)
  A ball python (D)
  2 kobolds (D)
  A quokka (D)
  A rat (D)
9 creatures vanquished.

Notes
Turn   | Place    | Note
-------+----------+-------------------------------------------
     0 | D        | Heoruswealwe the Minotaur Fighter began the quest for the
                  | Orb.
     0 | D        | Reached XP level 1. HP: 19/19 MP: 0/0
     6 | D        | Reached skill level 3 in Polearms
    20 | D        | Noticed a bombardier beetle
    20 | D        | Noticed a bombardier beetle
    20 | D        | Noticed a phantom
    25 | D        | Killed a bombardier beetle
    26 | D        | Reached skill level 5 in Fighting
    26 | D        | Reached skill level 5 in Polearms
    26 | D        | Reached skill level 5 in Armour
    26 | D        | Reached XP level 2. HP: 13/29 MP: 1/1
    26 | D        | Reached XP level 3. HP: 17/36 MP: 2/2
    32 | D        | Killed a phantom
    33 | D        | Reached skill level 8 in Polearms
    33 | D        | Reached XP level 4. HP: 5/45 MP: 3/3
    35 | D        | HP: 1/45 [bombardier beetle (3)]
    39 | D        | Reached XP level 5. HP: 3/52 MP: 4/4
    47 | D        | HP: 1/52 [orc/+0 falchion (3)]
    48 | D        | Slain by an orc

Illustrated notes

Levels and vault maps discovered:
D:        linesprint [early_d, line_temple, items_1, d_10, items_2, lair_1,
          lair_end, items_3, orc_1, orc_end, items_4, d_15, swamp_1, shoals_1,
          snake_1, spider_1, d_20, vaults_1, items_5, swamp_end, shoals_end,
          snake_end, spider_end, vaults_end, d_27, items_6, zot_1, zot_end,
          crypt_end, forest_end, elf_end, slime_end, tomb_end, abyss_end,
          pan_hell_end]

Skill      XL: |  1  2  3  4 |
---------------+-------------+-----
Polearms       | 5 8 |  8.9
Fighting       | 5 6 7 |  7.0
Armour         | 5 6 7 |  7.0
Shields        | |  3.6

Action                     |  1- 3 |  4- 6 || total
---------------------------+-------+-------++-------
  Melee: Trident           |    20 |    15 ||    35
         Headbutt          |     2 |     1 ||     3
    Use: Potion            |     1 |       ||     1
 Armour: Scale mail        |     6 |     9 ||    15
  Dodge: Dodged            |     3 |     1 ||     4
  Block: Buckler           |     4 |     1 ||     5
